 Dungeon Crawl Stone Soup version 0.28.0-53-g5a82cb258f (webtiles) character file.

Game seed: 14629836672308920252

3731 Zeld the Transmogrifier (level 9, -16/75 HPs)
             Began as a Red Draconian Transmuter on May 21, 2022.
             Was an Initiate of Gozag.
             Demolished by a two-headed ogre
             ... wielding a +0 giant spiked club
              (24 damage)
             ... on level 7 of the Dungeon.
             The game lasted 00:08:23 (11119 turns).

Zeld the Transmogrifier (Red Draconian Transmuter) Turns: 11119, Time: 00:08:24

Health: -16/75     AC:  2    Str: 17    XL:     9   Next: 92%
Magic:  19/20      EV: 22    Int: 13    God:    Gozag
Gold:   534        SH:  0    Dex: 17    Spells: 13/23 levels left

rFire   . . .      SeeInvis .     - Unarmed
rCold   . . .      Faith    .   (shield currently unavailable)
rNeg    . . .      Spirit   .   (armour unavailable)
rPois   x          Reflect  .   (helmet currently unavailable)
rElec   .          Harm     .   (cloak currently unavailable)
rCorr   .          Rampage  .   (gloves currently unavailable)
Will    .....                   (boots currently unavailable)
Stlth   ++........              (no amulet)
HPRegen 0.22/turn               (no ring)
MPRegen 0.17/turn               (no ring)

@: spider-form
A: venomous fangs, (breathe fire), AC +7, tiny, unfitting armour, (fire
resistance 1), (cold-blooded)
a: End Transformation, Renounce Religion, Potion Petition, Call Merchant, Bribe
Branch


You were on level 7 of the Dungeon.
You worshipped Gozag.
Gozag was pleased with you.
You were a venomous arachnid creature.
You visited 2 branches of the dungeon, and saw 9 of its levels.
You also visited: Ossuary.

You collected 612 gold pieces.
You paid 78 gold pieces to Gozag.

Inventory:

Armour
 j - a +0 cloak (melded)
Jewellery
 s - a ring of protection from fire
Wands
 t - a wand of flame (41)
 u - a wand of acid (6)
Scrolls
 a - 2 scrolls of enchant armour
 c - 3 scrolls of teleportation
 e - 3 scrolls of identify
 l - a scroll of enchant weapon
 n - 2 scrolls of amnesia
 o - a scroll of holy word
 p - a scroll of summoning
 r - a scroll of magic mapping
 v - a scroll of brand weapon
 w - a scroll of blinking
Potions
 b - 2 potions of flight {unknown}
 d - 3 potions of might {unknown}
 f - 7 potions of curing
 g - a potion of haste {unknown}
 h - 2 potions of heal wounds {unknown}
 i - 3 potions of lignification {unknown}
 k - 2 potions of degeneration {unknown}
 m - 3 potions of attraction {unknown}
 q - 2 potions of invisibility {unknown}


   Skills:
 + Level 6.2 Fighting
 + Level 5.4 Dodging
 - Level 3.0 Unarmed Combat
 * Level 7.6 Spellcasting
 * Level 8.3 Transmutations
 - Level 1.5 Ice Magic
 - Level 2.0 Poison Magic


You had 13 spell levels left.
You knew the following spells:

 Your Spells              Type           Power      Damage    Failure   Level
a - Beastly Appendage     Tmut           52%        N/A       3%          1
b - Wereblood             Tmut           26%        N/A       4%          2
c - Spider Form           Tmut/Pois      18%        N/A       14%         3
d - Ice Form              Ice/Tmut       17%        N/A       38%         4

Your spell library contained the following spells:

 Spells                   Type           Power      Damage    Failure   Level
 Apportation              Tloc           8%         N/A       32%         1
 Frozen Ramparts          Ice            16%        1d3       43%         3
 Call Canine Familiar     Summ           4%         N/A       63%         3
 Gell's Gravitas          Tloc           4%         N/A       63%         3
 Lesser Beckoning         Tloc           4%         N/A       63%         3
 Portal Projectile        Hex/Tloc       8%         N/A       63%         3
 Teleport Other           Tloc           4%         N/A       63%         3
 Alistair's Intoxication  Tmut/Pois      12%        N/A       65%         5
 Summon Ice Beast         Ice/Summ       6%         N/A       87%         4
 Leda's Liquefaction      Hex/Erth       2%         N/A       93%         4


Dungeon Overview and Level Annotations

Branches:
Dungeon (8/15)             Temple (1/1) D:5         Ossuary (visited)
   Lair: D:8-11

Altars:
Ashenzari
Cheibriados
Dithmenos
Elyvilon
Fedhas
Gozag
Hepliaklqana
Kikubaaqudgha
Makhleb
Nemelex Xobeh
Okawaru
Qazlal
Ru
Sif Muna
Trog
Uskayaw
Vehumet
Wu Jian
Yredelemnul
The Shining One

Shops:
D:4 [   D:7 =

Annotations:
D:8 Erica


Innate Abilities, Weirdness & Mutations

You are a venomous arachnid creature.
You have poisonous fangs.
You are tiny and dextrous.
Your spellcasting is less reliable in this form.
Your armour is entirely melded.
You are incapable of wielding weapons or throwing items.
((You can breathe blasts of fire.))
((Your fiery red scales are hard. (AC +7)))
You cannot fit into any form of body armour.
((Your flesh is heat resistant. (rF+)))
((You are cold-blooded and may be slowed by cold attacks.))


Message History

You hit the two-headed ogre.
The two-headed ogre is heavily wounded.
Unknown command.
A howler monkey skeleton comes into view.
The centaur shoots an arrow.
The arrow closely misses you.
The arrow hits the two-headed ogre.
You hit the two-headed ogre.
The two-headed ogre is poisoned.
The two-headed ogre is severely wounded.
The two-headed ogre misses you.
The two-headed ogre hits you with a +0 giant club!
The centaur shoots an arrow.
The arrow completely misses you.
The arrow barely misses the two-headed ogre.
Unknown command.
You bite the two-headed ogre!
The two-headed ogre is severely wounded.
The centaur shoots an arrow.
The arrow hits you. The two-headed ogre misses you.
The two-headed ogre barely misses you.
The centaur shoots an arrow.
The arrow hits you!
Unknown command.
Found Liliosia's Jewellery Emporium.
You hit the howler monkey skeleton.
The howler monkey skeleton is moderately damaged.
The centaur unwields a +0 shortbow.
The centaur misses you. x2
The howler monkey skeleton misses you.
The two-headed ogre completely misses you.
The two-headed ogre hits you with a +0 giant club!!
* * * LOW HITPOINT WARNING * * *
The centaur closely misses you. The centaur completely misses you.
You bite the centaur!
The centaur is poisoned.
The centaur is moderately wounded.
The howler monkey skeleton hits you.
* * * LOW HITPOINT WARNING * * *
The centaur barely misses you. x2
Unknown command.
You hit the centaur.
The centaur looks as sick as possible!
The centaur is severely wounded.
The two-headed ogre barely misses you.
The two-headed ogre hits you with a +0 giant club!!
You die...
Your body crumbles into a pile of gold.

#<..#..... #.).#..... .
.######......... ..
.........).#..#. ...
.######)........ ....
#.........
.....##########.........
......c.................
......ZsO..<............
∩....###########........
... #..#>.... .
#..#..... #.O#..###
#..#..# ....
............# . ...
#########.....o .....###
...#..


You could see a two-headed ogre (poisoned, corroded), a centaur (extremely
poisoned) and a howler monkey skeleton.

Vanquished Creatures
  A two-headed ogre (D:8)
  Pikel (D:5)
  Prince Ribbit (D:7)
  A yak (D:8)
  Duvessa (D:7)
  An orc warrior (D:8)
  A black bear (D:8)
  2 necrophages
  A centaur (D:5)
  2 ogres
  A phantom (D:6)
  4 lemures (D:5)
  A kobold brigand (D:6)
  A bullfrog (D:7)
  3 scorpions (D:6)
  2 water moccasin zombies (Ossuary)
  Dowan (D:7)
  A water moccasin skeleton (D:4)
  5 wights (D:4)
  A howler monkey (D:8)
  A centaur zombie (D:8)
  A jelly (D:7)
  2 centaur skeletons
  A gnoll shaman (D:6)
  An orc priest (D:3)
  Crazy Yiuf (D:2)
  4 hounds
  Natasha (thrice) (D:3)
  2 iguanas
  2 orc wizards
  A killer bee zombie (D:8)
  2 mummies (Ossuary)
  3 hound skeletons
  6 adders
  7 gnolls
  A river rat (D:5)
  An adder zombie (Ossuary)
  A dart slug (D:3)
  20 orcs
  7 endoplasms
  5 giant cockroaches
  6 goblins
  3 hobgoblins
  5 jackals
  8 kobolds
  5 quokkas
  14 ball pythons
  3 bats
  3 frilled lizards (D:1)
  4 gnoll zombies (Ossuary)
  3 hobgoblin zombies (Ossuary)
  5 kobold zombies (Ossuary)
  4 orc zombies (Ossuary)
  5 rats
172 creatures vanquished.

Notes
Turn   | Place    | Note
-------+----------+-------------------------------------------
     0 | D:1      | Zeld the Draconian Transmuter began the quest for the Orb.
     0 | D:1      | Reached XP level 1. HP: 16/16 MP: 3/3
   353 | D:1      | Reached XP level 2. HP: 23/23 MP: 3/5
   451 | D:1      | Found a faded altar of an unknown god.
   579 | D:1      | Learned a level 2 spell: Wereblood
  1550 | D:2      | Reached XP level 3. HP: 15/28 MP: 6/6
  1554 | D:2      | Learned a level 3 spell: Spider Form
  2210 | D:2      | Found a runed translucent door.
  2212 | D:2      | Identified the +5 mace of Instant Death {vorpal, rN+}
  2217 | D:2      | Noticed Crazy Yiuf
  2445 | D:2      | Killed Crazy Yiuf
  2446 | D:2      | Reached skill level 1 in Ice Magic
  2446 | D:2      | Reached skill level 1 in Poison Magic
  2446 | D:2      | Reached XP level 4. HP: 16/36 MP: 4/7
  2917 | D:3      | Found an iron altar of Okawaru.
  3007 | D:3      | Noticed Natasha
  3014 | D:3      | Killed Natasha
  3015 | D:3      | Reached skill level 3 in Transmutations
  3255 | D:3      | Found a hazy altar of Hepliaklqana.
  3257 | D:3      | Found a radiant altar of Vehumet.
  3345 | D:3      | Noticed Natasha
  3353 | D:3      | Killed Natasha
  3354 | D:3      | Reached XP level 5. HP: 25/41 MP: 9/9
  3359 | D:3      | Learned a level 4 spell: Ice Form
  4042 | D:3      | Noticed Natasha
  4050 | D:3      | Killed Natasha
  4365 | D:4      | Reached XP level 6. HP: 50/50 MP: 9/11
  4488 | D:4      | Reached skill level 4 in Transmutations
  4705 | D:4      | Found Laawn's Armour Boutique.
  4739 | D:4      | Your scales start taking on a fiery red colour.
  4739 | D:4      | Reduced skill Ice Magic to level 1
  4739 | D:4      | Reached XP level 7. HP: 56/56 MP: 9/12
  4739 | D:4      | Gained mutation: Your flesh is heat resistant. (rF+) [Red
                  | Draconian growth]
  5965 | D:5      | Entered Level 5 of the Dungeon
  5996 | D:5      | Reached skill level 5 in Transmutations
  6033 | D:5      | Found a sand-covered staircase.
  6041 | Ossuary  | Entered an ossuary
  6659 | D:5      | Reached XP level 8. HP: 61/66 MP: 12/15
  6769 | D:5      | Reached skill level 5 in Spellcasting
  6826 | D:5      | Noticed Pikel
  6960 | D:5      | Found a shadowy altar of Dithmenos.
  6960 | D:5      | Found an ancient bone altar of Kikubaaqudgha.
  7129 | D:5      | Found a sparkling altar of Nemelex Xobeh.
  7207 | D:5      | Found a staircase to the Ecumenical Temple.
  7230 | Temple   | Entered the Ecumenical Temple
  7306 | Temple   | Became a worshipper of Gozag Ym Sagoz the Greedy
  8130 | D:5      | Found a sparkling altar of Nemelex Xobeh.
  8176 | D:5      | Killed Pikel
  8177 | D:5      | Reached skill level 6 in Transmutations
  8335 | D:5      | Found a staircase to the Ecumenical Temple.
  8426 | D:5      | Found a shadowy altar of Dithmenos.
  8426 | D:5      | Found an ancient bone altar of Kikubaaqudgha.
  8584 | D:6      | Reached skill level 5 in Fighting
  8611 | D:6      | Reached XP level 9. HP: 33/74 MP: 15/18
  8883 | D:6      | Reached skill level 7 in Transmutations
  8914 | D:6      | Found a hide-covered altar of Uskayaw.
  9037 | D:6      | Found a white marble altar of Elyvilon.
  9529 | D:6      | Found a broken altar of Ashenzari.
  9573 | D:7      | Noticed Prince Ribbit
  9595 | D:7      | Noticed Dowan
  9597 | D:7      | Noticed Duvessa
  9598 | D:7      | Killed Prince Ribbit
  9606 | D:8      | Found a snail-covered altar of Cheibriados.
  9922 | D:8      | Noticed a two-headed ogre
  9974 | D:8      | Killed a two-headed ogre
  9975 | D:8      | Reached skill level 5 in Dodging
 10256 | D:8      | Found a stormy altar of Qazlal.
 10339 | D:8      | Reached skill level 8 in Transmutations
 10404 | D:8      | Noticed Erica
 10938 | D:7      | Killed Duvessa
 10948 | D:7      | Killed Dowan
 11096 | D:7      | Noticed a two-headed ogre
 11116 | D:7      | Found Liliosia's Jewellery Emporium.
 11119 | D:7      | Demolished by a two-headed ogre

Illustrated notes

Levels and vault maps discovered:
D:1:      arrival_zaba_pyramid, layout_basic,
          shapermc_ecumenical_altar_flowoftime, minmay_small_reverse_x
D:2:      kennysheep_big_flooded_room, layout_basic, uniq_crazy_yiuf_cottage
D:3:      layout_basic, kennysheep_okawaru_gauntlet,
          chequers_temple_overflow_statue_of_worship, kennysheep_boxes,
          uniq_natasha
D:4:      layout_loops_ring, serial_shops, nicolae_shop_advertising_works
          [nicolae_subvault_shop_adworks]
D:5:      layout_gridville, gammafunk_temple_overflow_wave,
          nemelex_spade_bored_becter, minmay_temple_entry_mist,
          portal_sewer_entry_a, lightli_ossuary_entry_decrepit_ruins, uniq_pikel
D:6:      layout_cave_pools, grunt_ashenzari_visionary
          [grunt_ashenzari_visionary_shoals, grunt_ashenzari_visionary_spider],
          general_overflow_altar, mainiacjoe_overflow_six_doors_small,
          serial_column_ruins, column_ruins_hut_pillars,
          column_ruins_circle_medium, column_ruins_columns_straight,
          column_ruins_open_tiny, column_ruins_columns_straight,
          column_ruins_columns_T, column_ruins_corridor_T, column_ruins_grid_4,
          minmay_misc_feat_ornament, kennysheep_small_spiral
D:7:      layout_rooms, kennysheep_mini_moat, serial_shops, shop,
          minmay_chambers_of_fives, uniq_menkaure, uniq_prince_ribbit1,
          uniq_duvessa
D:8:      layout_loops_ring, cheibriados_altar_1, kennysheep_mini,
          minmay_starry_boxes, uniq_erica
Temple:   compressed_dpeg_triangle_lava_temple

Skill      XL: |  1  2  3  4  5  6  7  8  9 |
---------------+----------------------------+-----
Dodging        | 2 3 4 5 |  5.4
Ice Magic      | 1 1 |  1.5
Poison Magic   | 1 2 |  2.0
Transmutations | 3 4 5 6 8 |  8.3
Fighting       | 2 3 5 6 |  6.2
Spellcasting   | 3 4 6 7 |  7.6
Unarmed Combat | |  3.0

Action                   |  1- 3 |  4- 6 |  7- 9 || total
-------------------------+-------+-------+-------++-------
Melee: Unarmed           |    89 |    76 |   364 ||   529
       Tailslap          |     7 |     3 |    18 ||    28
       Headbutt          |    10 |     2 |       ||    12
       Kick              |    11 |     5 |       ||    16
       Mace              |     1 |    61 |     4 ||    66
       Punch             |       |     3 |     1 ||     4
 Cast: Beastly Appendage |    26 |     6 |       ||    32
       Spider Form       |     1 |     8 |    19 ||    28
       Ice Form          |       |     1 |    19 ||    20
 Abil: Breathe Fire      |       |       |     1 ||     1
Evoke: Wand              |       |       |     2 ||     2
  Use: Potion            |       |     1 |       ||     1
       Scroll            |       |       |    10 ||    10
 Stab: Sleeping          |     2 |     1 |       ||     3
       Distracted        |       |       |     1 ||     1
Armor: Skin              |    27 |    45 |    97 ||   169
Dodge: Dodged            |    49 |   144 |   312 ||   505
